Map: Catalyst LE

Players

Lambo - Winner!

  • Race: Zerg Zerg
  • Spawn Location: 5:00

ShaDoWn

  • Race: Protoss Protoss
  • Spawn Location: 11:00

Event: WCS Valencia 2018

VOD

Have the link to the VOD?

Description

Time

  • Played on: July 12, 2018, 6:41 a.m.
  • Length: 7:22

All games in this series

Show
View Real Time Build Order
Export as new Build Order

Lambo Zerg - Winner!

Build Orders: Hatch First 

Get SALT Encoding   

  12  0:00  Drone  
  13  0:12  Overlord  
  13  0:19  Drone  
  14  0:32  Drone x2  
  16  0:48  Hatchery  
  15  0:52  Drone  
  15  0:55  Drone  
  17  0:59  Drone  
  18  1:09  Extractor  
  17  1:14  Spawning Pool  
  17  1:18  Drone  
  17  1:20  Drone  
  18  1:28  Drone  
  19  1:39  Drone  
  20  1:51  Overlord  
  20  2:01  Queen x2  
  20  2:02  Zergling x4  
  26  2:10  Metabolic Boost  
  26  2:11  Drone  
  26  2:13  Drone  
  28  2:21  Drone  
  29  2:26  Drone  
  30  2:36  Hatchery  
  29  2:39  Drone  
  29  2:41  Drone  
  31  2:45  Drone  
  32  2:51  Overlord  
  32  2:54  Queen  
  34  3:00  Drone x2  
  36  3:11  Drone x4  
  36  3:12  Overlord  
  40  3:16  Drone  
  40  3:19  Drone x2  
  43  3:22  Spore Crawler  
  43  3:26  Overlord  
  42  3:31  Drone x2  
  44  3:37  Queen  
  44  3:38  Drone  
  47  3:45  Drone x2  
  47  3:46  Drone  
  50  3:49  Spore Crawler, Drone  
  50  3:52  Drone x2  
  52  3:56  Drone  
  52  3:58  Overlord  
  52  4:02  Drone x2  
  55  4:03  Drone x2  
  55  4:08  Drone  
  58  4:12  Roach Warren  
  58  4:13  Lair  
  58  4:15  Drone  
  58  4:19  Drone x2  
  58  4:21  Drone  
  61  4:24  Extractor  
  61  4:25  Extractor, Queen  
  61  4:28  Drone x2  
  61  4:30  Overlord  
  63  4:32  Zergling x2  
  63  4:33  Drone  
  63  4:34  Drone  
  66  4:48  Overlord  
  66  4:50  Drone x2  
  66  4:52  Extractor  
  66  4:53  Drone x2  
  66  4:56  Evolution Chamber  
  66  4:58  Overlord  
  67  5:03  Overlord, Roach x3  
  67  5:04  Overlord  
  67  5:05  Overlord x2  
  73  5:09  Overlord  
  73  5:11  Roach x2  
  77  5:19  Roach x2  
  77  5:20  Roach x2  
  85  5:23  Zerg Missile Weapons Level 1  
  85  5:24  Roach  
  85  5:25  Zergling x6, Roach  
  85  5:28  Glial Reconstitution  
  92  5:33  Zergling x4  
  92  5:35  Zergling x4, Roach x2  
  100  5:43  Roach x2  
  100  5:48  Roach  
  104  5:54  Zergling x8, Roach x2  
  109  5:57  Roach x2  
  109  6:01  Roach  
  114  6:06  Overlord  
  114  6:08  Overlord  
  114  6:09  Zergling x4  
  115  6:12  Roach  
  117  6:19  Roach x2  
  117  6:21  Overlord x2, Ravager  
  117  6:23  Ravager x2  
  117  6:25  Zergling x4, Roach  
  128  6:27  Roach  
  128  6:28  Zergling x2  
  128  6:30  Roach  
  132  6:33  Overlord  
  132  6:35  Roach  
  132  6:39  Roach  
  131  6:47  Roach x2  
  131  6:49  Roach x2  
  131  6:50  Roach  
  131  6:53  Roach  
  143  6:56  Zergling x4  
  143  7:02  Roach x2  
  143  7:03  Zergling x2  
Show
View Real Time Build Order
Export as new Build Order

ShaDoWn Protoss 

Build Orders: 1 Gate Expand, Oracle Opening, Phoenix Opening 

Get SALT Encoding   

  12  0:00  Probe  
  13  0:12  Probe  
  14  0:20  Pylon  
  14  0:24  Probe  
  15  0:34  Probe  
  15  0:39  Gateway  
  15  0:42  Probe  
  16  0:48  Assimilator  
  17  0:52  Probe  
  18  1:04  Probe  
  19  1:16  Probe  
  20  1:24  Nexus  
  20  1:34  Cybernetics Core  
  20  1:37  Probe  
  21  1:42  Assimilator  
  21  1:49  Probe  
  21  1:53  Pylon  
  22  2:01  Probe  
  22  2:02  Adept  
  23  2:13  Probe  
  26  2:19  Stargate  
  26  2:25  Probe  
  26  2:28  Adept  
  29  2:33  Warp Gate  
  29  2:34  Probe x2  
  29  2:42  Probe x2  
  33  2:52  Probe x2  
  33  2:56  Phoenix  
  35  3:04  Probe x2  
  39  3:09  Pylon  
  39  3:16  Probe x2  
  39  3:19  Gateway  
  41  3:20  Oracle  
  44  3:28  Probe x2  
  46  3:38  Probe  
  46  3:39  Twilight Council  
  46  3:40  Probe  
  46  3:41  Gateway  
  47  3:46  Probe, Pylon  
  48  3:52  Probe  
  48  3:53  Assimilator  
  48  3:55  Assimilator  
  50  3:56  Resonating Glaives  
  50  3:57  Pylon  
  50  3:58  Probe  
  51  4:03  Adept  
  51  4:06  Probe  
  51  4:08  Adept  
  56  4:12  Probe  
  57  4:18  Probe  
  58  4:25  Probe  
  58  4:30  Probe  
  60  4:41  Probe  
  60  4:42  Adept x2  
  60  4:44  Adept  
  67  4:46  Probe  
  67  4:47  Nexus  
  67  4:49  Pylon  
  68  4:56  Pylon  
  68  5:03  Adept  
  70  5:07  Adept x2  
  70  5:10  Probe  
  75  5:15  Robotics Facility  
  75  5:16  Robotics Facility  
  75  5:22  Probe  
  75  5:25  Sentry  
  77  5:28  Forge  
  77  5:37  Sentry x2  
  77  5:38  Probe  
  77  5:39  Probe  
  77  5:53  Probe  
  72  5:58  Probe  
  72  5:59  Immortal, Probe  
  72  6:01  Immortal  
  74  6:05  Probe  
  74  6:10  Gateway  
  74  6:11  Gateway, Probe x2  
  77  6:13  Gateway  
  77  6:15  Gateway  
  88  6:32  Immortal  
  81  6:34  Shield Battery  
  81  6:35  Shield Battery  
  81  6:37  Shield Battery, Adept x3  
  87  7:03  Zealot x3  
  84  7:12  Zealot x4  
Tags
 
Add a new tag
Caveats
  • Supply blocks, unpowered buildings, or Contaminate may cause inaccurate times.
  • Supply counts are checked every 10 seconds.